 Dungeon Crawl Stone Soup version 0.17.1-3-g152610e (webtiles) character file.

460 DanteCalvez the Sneak (level 6, -6/41 HPs)
             Began as a Vampire Enchanter on Apr 19, 2016.
             Mangled by a gnoll
             ... wielding a +0 halberd
              (15 damage)
             ... on level 4 of the Dungeon.
             The game lasted 00:07:16 (2411 turns).

DanteCalvez the Sneak (Vampire Enchanter)           Turns: 2411, Time: 00:07:16

Health: -6/41      AC:  3    Str:  8    XL:     6   Next: 78%
Magic:  6/12       EV: 12    Int: 18    God:
Gold:   134        SH:  0    Dex: 15    Spells: 3 memorised, 7 levels left

rFire  . . .     SeeInvis +     a - +1 dagger
rCold  . . .     Clarity  .     b - +1 robe
rNeg   + . .     SustAt   .     (no shield)
rPois  .         Gourm    .     (no helmet)
rElec  .         Spirit   .     (no cloak)
rCorr  .         Warding  .     (no gloves)
rMut   .         Stasis   .     (no boots)
MR     .....                    (no amulet)
Stlth  ++++......               (no ring)
                                (no ring)

@: not resistant to hostile enchantments, stealthy
A: fangs 3, see invisible, unbreathing
a: Bat Form


You were on level 4 of the Dungeon.
You were not thirsty.

You visited 1 branch of the dungeon, and saw 4 of its levels.

You collected 134 gold pieces.


Innate Abilities, Weirdness & Mutations

You have razor-sharp teeth.
You have supernaturally acute eyesight.
You can survive without breathing.


   Skills:
 - Level 1.1 Short Blades
 - Level 2.1 Dodging
 + Level 7.8 Stealth
 + Level 4.2 Spellcasting
 + Level 7.3 Hexes


You had 7 spell levels left.
You knew the following spells:

 Your Spells              Type           Power        Failure   Level  Hunger
a - Corona                Hex            ####...      1%          1    None
c - Confuse               Hex            ####....     2%          3    ###....
s - Ensorcelled Hibernat  Hex/Ice        ###...       6%          2    ##.....

Inventory:

Hand Weapons
 a - a +1 dagger (weapon)
Missiles
 d - 11 poisoned needles
Armour
 b - a +1 robe (worn)
Jewellery
 t - a cursed -3 ring of protection {unknown}
Scrolls
 e - a scroll of magic mapping {unknown}
 i - a scroll of immolation {unknown}
 k - 5 scrolls of remove curse
 o - a scroll of teleportation {@r4}
 r - a scroll of blinking {unknown}
 s - a scroll of identify {unknown}
 u - a scroll of enchant armour {unknown}
Potions
 f - 3 potions of mutation {unknown}
 g - a potion of resistance {unknown}
 h - a potion of might {unknown}
 j - a potion of degeneration {unknown}
 l - 2 potions of ambrosia {unknown}
 m - a potion of agility {unknown}
 n - a potion of haste {unknown}
 q - 14 potions of blood {@q4}
Books
 c - a book of Maledictions

   Spells                             Type                      Level
   a - Corona                         Hexes                        1
   b - Ensorcelled Hibernation        Hexes/Ice                    2
   c - Confuse                        Hexes                        3
   d - Tukima's Dance                 Hexes                        3
   e - Dazzling Spray                 Conjuration/Hexes            3
 p - a book of Party Tricks

   Spells                             Type                      Level
   a - Summon Butterflies             Summoning                    1
   b - Apportation                    Translocation                1
   c - Tukima's Dance                 Hexes                        3
   d - Alistair's Intoxication        Transmutation/Poison         4
   e - Invisibility                   Hexes                        6

Dungeon Overview and Level Annotations

Branches:
Dungeon (4/15)
 Temple: D:4-7

Altars:
Gozag
Qazlal

###.####.# . #.._.....#
##....#.#..###
#..........#
#.########.# #.# #.# #.#
#.# #.########.#
#.##..V)ggg#
#.##)#####.#
#######..#.#####.######
...........##...........
########.####.#########.
#...# #.# #.######.#####
#######.##≈≈≈≈g≈≈≈≈#
#.........≈##≈.≈##≈#


You could see 3 gnolls.


Message History

The gnoll looks drowsy...
The helpless gnoll fails to defend itself.
You impale the gnoll!!
You kill the gnoll!
Things that are here:
a flail; a gnoll corpse You bottle the corpse's blood.
q - 14 potions of blood {@q4} (gained 1)
You see here a flail.
You start resting.
Aiming: Confuse
Aim: a gnoll sergeant, wielding a trident of venom, wearing a ring mail and wearing a buckler (chance to defeat MR: 58%)
The gnoll sergeant appears confused.
You see here a flail.
The gnoll shouts!
You barely miss the gnoll sergeant.
The gnoll hits you from afar with a halberd!
You completely miss the gnoll sergeant. The gnoll closely misses you.
You strike the helpless gnoll sergeant from behind!
You puncture the gnoll sergeant!
The gnoll sergeant is heavily wounded.
The gnoll hits you from afar with a halberd!
* * * LOW HITPOINT WARNING * * *
You catch the helpless gnoll sergeant completely off-guard!
You puncture the gnoll sergeant! Your bite misses the gnoll sergeant.
The gnoll sergeant is almost dead.
You hit the gnoll sergeant.
You kill the gnoll sergeant!
The gnoll hits you from afar with a halberd!
You die...

Action                   |  1- 3 |  4- 6 || total
-------------------------+-------+-------++-------
Melee: Dagger            |    67 |    81 ||   148
 Cast: Corona            |     6 |     2 ||     8
       Ensorcelled Hiber |    14 |    13 ||    27
       Confuse           |       |     5 ||     5
 Abil: End Transformatio |       |     1 ||     1
       Bat Form          |       |     1 ||     1
  Use: Scroll            |       |     2 ||     2
       Potion            |       |     2 ||     2
 Stab: Sleeping          |    22 |    11 ||    33
       Confused          |       |     5 ||     5

Vault maps used:
D:1:      shiori_arrival_oz
D:3:      kennysheep_decorative_pillar, grunt_gozag_breadcrumbs
D:4:      nicolae_overflow_hidden_temple, lemuel_crystal_altar,
          lightli_minifort, uniq_robin

Notes
Turn   | Place    | Note
--------------------------------------------------------------
     0 | D:1      | DanteCalvez the Vampire Enchanter began the quest for the Orb.
     0 | D:1      | Reached XP level 1. HP: 13/13 MP: 3/3
   381 | D:1      | Reached XP level 2. HP: 17/19 MP: 5/5
   385 | D:1      | Learned a level 2 spell: Ensorcelled Hibernation
   585 | D:1      | Reached skill level 5 in Stealth
   883 | D:2      | Reached skill level 5 in Hexes
   883 | D:2      | Reached XP level 3. HP: 20/24 MP: 1/6
  1458 | D:3      | Found an opulent altar of Gozag.
  1517 | D:3      | Reached XP level 4. HP: 25/30 MP: 2/8
  1938 | D:3      | Reached skill level 3 in Spellcasting
  2075 | D:4      | Found a stormy altar of Qazlal.
  2082 | D:4      | Noticed an ogre
  2085 | D:4      | Noticed mmk665's ghost (amateur DsBe)
  2127 | D:4      | Learned a level 3 spell: Confuse
  2150 | D:4      | Killed an ogre
  2150 | D:4      | Reached skill level 6 in Stealth
  2150 | D:4      | Reached skill level 6 in Hexes
  2150 | D:4      | Reached XP level 5. HP: 17/35 MP: 6/10
  2334 | D:4      | Killed mmk665's ghost
  2334 | D:4      | Reached skill level 7 in Stealth
  2334 | D:4      | Reached skill level 4 in Spellcasting
  2334 | D:4      | Reached skill level 7 in Hexes
  2334 | D:4      | Reached XP level 6. HP: 21/41 MP: 3/12
  2411 | D:4      | Mangled by a gnoll

Vanquished Creatures
  The ghost of mmk665 the Skirmisher, an amateur DsBe of Trog (D:4)
  An ogre (D:4)
  A gnoll sergeant (D:4)
  A gnoll (D:4)
  2 adders
  2 oozes (D:3)
  3 worms
  3 giant geckos
  2 orcs (D:3)
  4 ball pythons
  A giant cockroach (D:2)
  5 goblins
  4 hobgoblins
  9 jackals (D:3)
  2 kobolds (D:3)
  8 bats
  5 giant newts
54 creatures vanquished.
